 Dungeon Crawl Stone Soup version 0.20.1-1-g8b1a95d (webtiles) character file.

84 vatarom the Caller (level 4, -1/34 HPs)
             Began as a Demonspawn Summoner on Oct 5, 2017.
             Succumbed to an adder's poison
             ... on level 3 of the Dungeon.
             The game lasted 00:11:37 (2736 turns).

vatarom the Caller (Demonspawn Summoner)            Turns: 2736, Time: 00:11:37

Health: -1/34      AC:  3    Str:  9    XL:     4   Next: 24%
Magic:  4/7        EV: 11    Int: 17    God:
Gold:   70         SH:  0    Dex: 13    Spells: 1/7 levels left

rFire    . . .     SeeInvis .   e - +4 dagger
rCold    . . .     Gourm    .   (no shield)
rNeg     . . .     Faith    .   g - +0 leather armour {MR+}
rPois    .         Spirit   .   (no helmet)
rElec    .         Reflect  .   (no cloak)
rCorr    .         Harm     .   (no gloves)
MR       +....                  (no boots)
Stlth    +++.......             (no amulet)
Regen    0.2/turn               (no ring)
MPRegen  0.1/turn               (no ring)

@: lethally poisoned (-1 -> -16)
A: claws 1, nightstalker 1
a: no special abilities


You were on level 3 of the Dungeon.
You were not hungry.

You visited 1 branch of the dungeon, and saw 3 of its levels.

You collected 70 gold pieces.

Inventory:

Hand Weapons
 e - a +4 dagger (weapon)
Armour
 f - a +0 buckler
 g - a +0 leather armour of magic resistance (worn)
Scrolls
 a - a scroll of teleportation
 d - a scroll of identify
Books
 b - a book of Callings

   Spells                             Type                      Level
   a - Summon Small Mammal            Summoning                    1
   b - Call Imp                       Summoning                    2
   c - Call Canine Familiar           Summoning                    3
   d - Summon Guardian Golem          Hexes/Summoning              3
   e - Summon Lightning Spire         Summoning/Air                4
   f - Summon Ice Beast               Ice/Summoning                4
Comestibles
 c - 2 bread rations
 h - a fruit


   Skills:
 * Level 2.3 Fighting
 - Level 1.7 Dodging
 - Level 1.7 Stealth
 + Level 2.3 Spellcasting
 * Level 4.8 Summonings


You had one spell level left.
You knew the following spells:

 Your Spells              Type           Power        Failure   Level  Hunger
a - Summon Small Mammal   Summ           ###.         3%          1    #......
b - Call Imp              Summ           ###.....     5%          2    ##.....
c - Call Canine Familiar  Summ           ###.....     11%         3    ###....


Dungeon Overview and Level Annotations

Branches:
Dungeon (3/15)

Altars:

Annotations:
D:3 raikaria's ghost, amateur NaEE


Innate Abilities, Weirdness & Mutations

You have sharp fingernails.
You are slightly more attuned to the shadows.


Message History

You feel sick. The adder misses you.
You feel sick.
Your hound closely misses the adder.
The adder barely misses you.
Your hound completely misses the adder.
* * * LOW HITPOINT WARNING * * *
You feel sick. The adder misses you.
Your hound closely misses the adder.
The adder closely misses you.
* * * LOW HITPOINT WARNING * * *
You feel sick.
Your hound barely misses the adder.
The adder barely misses you.
Your hound closely misses the adder.
* * * LOW HITPOINT WARNING * * *
You feel sick. The adder bites you.
* * * LOW HITPOINT WARNING * * *
You are more poisoned.
The adder poisons you!
Your hound completely misses the adder.
* * * LOW HITPOINT WARNING * * *
You feel sick. The adder barely misses you.
Your hound bites the adder.
The adder dies!
* * * LOW HITPOINT WARNING * * *
You feel sick.
You die...

...........#
#.........# #.........#
. #.........# .. #
#...#.##### ...
###.##...#.##### #.>.
.........<.....
#....#####.##...#######
#....h@...........#
#....†#...........#
#...###.#....######
#..........#.#
#...###.#....# ##
#.###### #.# #.# #.#


You could see a friendly hound.

Vanquished Creatures
  An adder (D:2)
  A dart slug (D:3)
  4 leopard geckos
  An orc (D:3)
  3 giant cockroaches (D:1)
  A goblin (D:1)
  6 hobgoblins
  2 jackals
  2 quokkas (D:2)
  3 bats (D:2)
  A frilled lizard (D:1)
  6 kobolds
  2 rats
33 creatures vanquished.

Vanquished Creatures (collateral kills)
  2 adders
  A worm (D:2)
  A dart slug (D:1)
  4 hobgoblins
  A jackal (D:3)
  6 kobolds
  7 bats
  A frilled lizard (D:1)
  6 rats
29 creatures vanquished.

Grand Total: 62 creatures vanquished

Notes
Turn   | Place    | Note
-------+----------+-------------------------------------------
     0 | D:1      | vatarom the Demonspawn Summoner began the quest for the Orb.
     0 | D:1      | Reached XP level 1. HP: 13/13 MP: 3/3
   362 | D:1      | Gained mutation: You are slightly more attuned to the shadows. [demonic ancestry]
   362 | D:1      | Reached XP level 2. HP: 19/20 MP: 3/5
   480 | D:1      | Reached skill level 1 in Fighting
   516 | D:1      | Learned a level 2 spell: Call Imp
   922 | D:1      | Reached XP level 3. HP: 26/26 MP: 1/6
  1598 | D:2      | Learned a level 3 spell: Call Canine Familiar
  2487 | D:2      | Gained mutation: You have sharp fingernails. [demonic ancestry]
  2487 | D:2      | Reached XP level 4. HP: 33/33 MP: 7/7
  2601 | D:3      | Noticed raikaria's ghost (amateur NaEE)
  2735 | D:3      | HP: 1/34 [poisoned by an adder]
  2736 | D:3      | Succumbed to an adder's poison

Skill      XL: |  1  2  3 |
---------------+----------+-----
Fighting       | 1 2 |  2.3
Dodging        | |  1.7
Stealth        | |  1.7
Spellcasting   | |  2.3
Summonings     | |  4.8

Action                   |  1- 3 |  4- 6 || total
-------------------------+-------+-------++-------
Melee: Dagger            |   113 |    18 ||   131
       Unarmed           |     2 |       ||     2
 Cast: Summon Small Mamm |    17 |       ||    17
       Call Imp          |    14 |     1 ||    15
       Call Canine Famil |     4 |     3 ||     7
  Use: Scroll            |     5 |       ||     5
 Stab: Sleeping          |     6 |       ||     6
  Eat: Chunk             |     7 |     1 ||     8
Armor: Robe              |    23 |       ||    23
       Leather armour    |     5 |     6 ||    11
Dodge: Dodged            |   100 |    33 ||   133
